AoeStats
← Simon Stokvis

African Clearing

505275729Analyzed
4v4 RM · 24d ago on Sep 8, 2026· 52m 13s· 8 players
Game mode
Random Map
Map size
Large (8 player)
Population
200
Speed
Normal
Resources
Standard
Victory
Conquest
Starting age
Dark Age
Ending age
Imperial Age
RankedLock teamsTeams togetherTeam positionsShared explorationLock speedFull tech treeHidden civsTurbo modeCheats
Victory
Defeat
🇳🇱 Magyars · Netherlands
1515
+14
🇫🇷 Mongols · France
1481
+16
🇫🇷 Khmer · France
1464
+16
🇩🇪 Huns · Germany
1418
+18
🇩🇪 Burgundians · Germany
1562
-20
🇬🇧 Magyars · United Kingdom
1560
-19
🇨🇳 Mongols · China
1402
-13
🇭🇰 Japanese · Hong Kong SAR China
1366
-12
CrazyBen
10:20 Loom
12:26 Feudal Age
14:53 Forging
19:49 Double-Bit Axe
19:53 Horse Collar
Simon Stokvis
3:09 Loom
14:26 Feudal Age
18:16 Castle Age
16:39 Double-Bit Axe
24:55 Fletching
26:04 Bodkin Arrow
26:46 Ballistics
27:30 Padded Archer Armor
27:54 Thumb Ring
28:17 Town Watch
29:28 Wheelbarrow
38:00 Imperial Age
38:41 Bloodlines
38:32 Husbandry
38:59 Bracer
40:01 Chemistry
39:22 Heavy Cavalry Archer
40:46 Leather Archer Armor
41:31 Bow Saw
42:12 Parthian Tactics
46:39 Ring Archer Armor
46:12 Recurve Bow
48:50 Gold Mining
50:03 Siege Engineers
51:54 Gold Shaft Mining
Yupy
6:06 Loom
14:45 Feudal Age
17:05 Double-Bit Axe
19:15 Wheelbarrow
23:38 Castle Age
22:07 Horse Collar
23:21 Fletching
30:30 Bodkin Arrow
33:25 Bow Saw
37:13 Husbandry
39:05 Ballistics
42:12 Padded Archer Armor
42:27 Bloodlines
42:26 Gold Mining
43:35 Leather Archer Armor
45:17 Stone Mining
50:19 Imperial Age
48:17 Heavy Plow
48:56 Hand Cart
49:40 Thumb Ring
50:20 Elite Mangudai
51:01 Bracer
52:50 Chemistry
52:23 Conscription
Facetrollwakfu
14:01 Feudal Age
15:09 Double-Bit Axe
17:50 Castle Age
15:58 Scale Barding Armor
15:46 Horse Collar
17:17 Bloodlines
18:23 Forging
19:10 Gold Mining
19:12 Loom
18:55 Light Cavalry
19:38 Husbandry
30:33 Heavy Plow
34:32 Wheelbarrow
37:04 Imperial Age
34:28 Stone Mining
35:29 Bow Saw
35:23 Fletching
36:18 Bodkin Arrow
36:34 Padded Archer Armor
37:04 Ballistics
37:43 Hand Cart
38:54 Two-Man Saw
38:24 Parthian Tactics
38:18 Bracer
40:31 Chemistry
39:49 Leather Archer Armor
40:46 Thumb Ring
41:46 Gold Shaft Mining
42:26 Chain Barding Armor
42:41 Iron Casting
42:16 Town Watch
42:12 Heavy Cavalry Archer
43:49 Plate Barding Armor
43:40 Murder Holes
43:49 Hussar
45:54 Conscription
46:13 Iron Casting
49:57 Blast Furnace
51:05 Capped Ram
DaKrankVieh
2:34 Double-Bit Axe
5:38 Loom
13:09 Feudal Age
14:04 Wheelbarrow
15:43 Bow Saw
18:15 Castle Age
17:00 Horse Collar
21:04 Fletching
22:17 Bodkin Arrow
23:30 Pikeman
44:16 Man-at-Arms
45:09 Heavy Plow
46:31 Hand Cart
48:56 Padded Archer Armor
49:14 Elite Skirmisher
52:31 Ballistics
jardan1234
6:04 Loom
16:22 Feudal Age
20:17 Castle Age
18:53 Double-Bit Axe
19:24 Horse Collar
22:24 Husbandry
23:14 Bow Saw
24:49 Scale Barding Armor
25:49 Forging
29:41 Town Watch
32:17 Chain Barding Armor
34:43 Iron Casting
34:55 Bloodlines
38:08 Imperial Age
36:14 Wheelbarrow
37:16 Hand Cart
37:01 Town Patrol
37:03 Heavy Plow
38:22 Fletching
38:32 Padded Archer Armor
38:57 Crossbowman
39:15 Cavalier
39:55 Elite Skirmisher
40:35 Bodkin Arrow
40:56 Leather Archer Armor
40:48 Thumb Ring
42:09 Blast Furnace
43:24 Two-Man Saw
43:45 Ring Archer Armor
43:15 Bracer
43:38 Ballistics
44:19 Chemistry
44:16 Scale Mail Armor
43:38 Pikeman
44:18 Squires
46:58 Chain Mail Armor
51:54 Murder Holes
AJC
6:11 Loom
15:10 Feudal Age
17:12 Double-Bit Axe
20:11 Castle Age
19:08 Bloodlines
19:31 Horse Collar
28:13 Scale Barding Armor
29:55 Bow Saw
29:48 Fletching
30:46 Heavy Plow
32:49 Husbandry
33:28 Chain Barding Armor
36:06 Wheelbarrow
39:32 Imperial Age
37:05 Gold Mining
37:38 Bodkin Arrow
38:30 Gold Shaft Mining
37:58 Stone Mining
38:11 Town Watch
41:03 Plate Barding Armor
39:49 Cavalier
42:29 Hand Cart
42:23 Bracer
42:53 Paladin
44:41 Conscription
48:00 Two-Man Saw
49:00 Light Cavalry
51:14 Hussar
牛比无极限
9:47 Loom
12:18 Feudal Age
20:40 Castle Age
35:43 Fletching
38:03 Ballistics
41:57 Double-Bit Axe
45:00 Wheelbarrow
Connection lost

Rejoining the realm…

Still unreachable

The connection could not be restored.

Session expired

The server has moved on; the page needs a fresh start.